 Dungeon Crawl Stone Soup version 0.32-a0-128-g77eb882913 (webtiles) character file.

Game seed: 10770713536719274386

218 Ambrosia the Ducker (level 6, -1/46 HPs)
             Began as a Djinni Gladiator on Feb 7, 2024.
             Was an Initiate of Wu Jian.
             Killed from afar by an orc wizard (4 damage)
             ... with a magic dart
             ... on level 4 of the Dungeon.
             The game lasted 00:06:39 (3264 turns).

Ambrosia the Ducker (Djinni Gladiator)              Turns: 3264, Time: 00:06:39

Health: -1/46      AC:  6    Str: 13 (15) XL:     6   Next: 17%
Gold:   168        EV: 13    Int:  8 (9)  God:    Wu Jian [......] SH:  5 Dex: 12 (15)

rFire   + + +        a - +0 quarterstaff
rCold   . . .        (shield currently unavailable)
rNeg    . . .        b - +0 leather armour
rPois   ∞            c - +2 helmet
rElec   +            (no cloak)
rCorr   +            (no gloves)
SInv    .            (boots unavailable)
Will    ++...        m - amulet of reflection
Stlth   +            k - ring of willpower
HPRegen 0.27/turn    (no ring)
MPRegen 0.00/turn

%: reflection, infuse magic (-2 HP)
@: resistant, on berserk cooldown, enlightened, flying, slowed, very slow
A: sickness immunity, fire resistance 2, cold vulnerability 1, float, innate
caster, HP casting, extra vitality 1
a: Renounce Religion


You were on level 4 of the Dungeon.
You worshipped Wu Jian.
Wu Jian was noncommittal.
You visited 2 branches of the dungeon, and saw 5 of its levels.

You collected 168 gold pieces.

Inventory:

Hand Weapons
 a - a +0 quarterstaff (weapon)
Missiles
 d - a throwing net (quivered) {=f, !d}
 e - 7 javelins
Armour
 b - a +0 leather armour (worn)
 c - a +2 helmet (worn)
Jewellery
 k - a ring of willpower (left hand)
   (You took it off a kobold on level 3 of the Dungeon)
 m - an amulet of reflection (around neck)
   (You found it on level 3 of the Dungeon)


   Skills:
 * Level 3.3 Fighting
 + Level 3.2 Staves
 - Level 1.5 Throwing
 * Level 2.5 Armour
 * Level 4.5 Dodging
 * Level 1.0 Spellcasting
 * Level 1.0 Conjurations
 * Level 1.0 Hexes
   Level 0.0 Charms
 * Level 1.0 Summonings
 * Level 1.0 Necromancy
 * Level 1.0 Translocations
   Level 0.0 Transmutations
 * Level 1.0 Fire Magic
 * Level 1.0 Ice Magic
 * Level 1.0 Air Magic
 * Level 1.0 Earth Magic
 * Level 1.0 Alchemy


You knew the following spells:

 Your Spells              Type           Power      Damage    Failure   Level
n - Necrotise             Necr           8%         1d4       32%         1
z - Blink                 Tloc           4%         N/A       45%         2
Your spell library was empty.

Dungeon Overview and Level Annotations

Branches:
Dungeon (4/15) Zot: 20761  Temple (1/1) D:4 Zot: 5928

Altars:
Cheibriados
Dithmenos
Elyvilon
Fedhas
Gozag
Makhleb
Qazlal
Wu Jian
Xom
Zin
The Shining One

Shops:
D:3 =

Annotations:
D:3 3 runed translucent doors, Azoth's ghost, amateur DEHu; Gryn's ghost, amateur DsHu; Shen's ghost, amateur DsBe; cforsyth's ghost, amateur DjWr


Innate Abilities, Weirdness & Mutations

You are immune to sickness and miasma.
You are immune to poison.
Your flesh is very heat resistant. (rF++)
You are vulnerable to cold. (rC-)
You float through the air rather than walking.
You learn spells naturally, not from books.
Your magical power is your life essence.
You have superior vitality. (+4 MHP)


Message History

You hit the adder. The adder barely misses you.
You hit the adder. You block the adder's attack.
The orc priest mumbles some strange prayers to Beogh against you.
Beogh smites you!
You take 11 damage, and have 54/69 hp.
You closely miss the adder. You block the adder's attack.
The ribbon worm is attracted toward you.
You closely miss the adder. The adder bites you but does no damage.
You completely miss the adder. The adder bites you but does no damage.
You completely miss the adder. The adder bites you.
You take 3 damage, and have 52/69 hp.
You barely miss the adder. The adder closely misses you.
You barely miss the adder. The adder barely misses you.
You thump the adder!
You kill the adder!
The Council accepts your kill. The orc is attracted toward you.
Something is attracted toward you. The orc is attracted toward you.
You barely miss the orc. The orc barely misses you.
You barely miss the orc. The orc barely misses you.
You sock the orc!
You kill the orc!
The Council accepts your kill. Something is attracted toward you.
The orc is attracted toward you.
You closely miss something.
You are no longer berserk.
You are exhausted.
You feel yourself slow down. Something hits you.
You now have 34/46 hp.
It was a potion of degeneration.
There was something very wrong with that liquid.
You feel weakened.
You feel dopey.
You feel clumsy. Something hits you.
The orc priest calls down the wrath of Beogh upon you.
Beogh smites you! Something completely misses you.
You take 12 damage, and have 22/46 hp.
MASSIVE DAMAGE!!
You are too injured to fight recklessly!
You are too injured to fight recklessly!
You hit something.
You hear some strange, mumbled words.
A magic dart appears from out of thin air!
The magic dart hits you.
You take 6 damage, and have 16/46 hp.
You sock something! You block something's attack.
Something hits you but does no damage.
You miss something. Something hits you!
* * * LOW HITPOINT WARNING * * *
Something hits you but does no damage.
You take 8 damage, and have 9/46 hp.
You barely miss something.
An orc wizard appears from thin air!
Reactivating autopickup.
The orc wizard mumbles some strange words.
The orc wizard flickers and vanishes!
Deactivating autopickup; reactivate with Ctrl-A.
Something hits you.
* * * LOW HITPOINT WARNING * * *
You take 5 damage, and have 4/46 hp.
You hit something.
You hear some strange, mumbled words.
A puff of flame appears from out of thin air!
The puff of flame hits you. You resist.
* * * LOW HITPOINT WARNING * * *
You feel less attractive to monsters.
You take 1 damage, and have 3/46 hp.
Throw: 3 throwing nets {=f, !d}
Press: ? - help, Q - select action, (/) - cycle Shift-Dir - straight line, f - orc
Aim: an orc, wielding a +0 club (54% to hit)
You throw a throwing net {=f, !d}.
The throwing net {=f, !d} barely misses the orc.
The throwing net {=f, !d} hits the ribbon worm.
The ribbon worm is caught in the net!
Something hits you.
* * * LOW HITPOINT WARNING * * *
Something barely misses you.
The ribbon worm struggles against the net.
You take 2 damage, and have 1/46 hp.
Unknown command.
Throw: 2 throwing nets {=f, !d}
Press: ? - help, Q - select action, (/) - cycle Shift-Dir - straight line, f/p - orc
Aim: an orc, wielding a +0 club (54% to hit)
You throw a throwing net {=f, !d}.
Something gets caught in the net!
Something wriggles in the net.
The ribbon worm struggles against the net.
Unknown command.
You aren't carrying any potions.
You aren't carrying any scrolls.
Unknown command.
You aren't carrying any potions.
Okay, then.
Casting: Necrotise (safe; 32% risk of failure)
You don't have enough health to cast this spell.
Something wriggles in the net.
The ribbon worm struggles against the net.
Something wriggles in the net.
Something wriggles in the net.
Something wriggles in the net. x2; All of a sudden the net rips apart!
A magic dart appears from out of thin air!
The magic dart hits you.
You die...

### ... ##########
#.##.........
#...........#
######o.##.###.#
##...{ow..##.##)#
#...###o..#.##...
#.#.####...####)..###..#
#.....@...#o..:.......#
#..###.......#..#.....#
#.......#..#.#####
#....?..#..#.# #
...$.####..# ## .##...#
#... .. .......# ##.#.
### # ###### .#. #
..#####


There were no monsters in sight!

Vanquished Creatures
  An orc priest (D:3)
  3 gnolls (D:4)
  4 adders (D:2 D:3 D:4)
  4 dart slugs (D:1 D:2 D:3)
  A ribbon worm (D:2)
  16 orcs (D:3 D:2 D:4)
  7 endoplasms (D:1 D:2 D:3 D:4)
  4 giant cockroaches (D:1 D:3)
  5 goblins (D:1 D:2)
  9 hobgoblins (D:1 D:2 D:3)
  8 jackals (D:1 D:2 D:3)
  7 kobolds (D:1 D:2 D:3)
  3 quokkas (D:1 D:2 D:3)
  11 ball pythons (D:1 D:2 D:3 D:4)
  4 bats (D:1 D:2)
  A frilled lizard (D:1)
  3 rats (D:1)
91 creatures vanquished.

Notes
Turn   | Place    | Note
-------+----------+-------------------------------------------
     0 | D:1      | Ambrosia the Djinni Gladiator began the quest for the Orb.
     0 | D:1      | Reached XP level 1. HP: 18/18 MP: 0/0
   198 | D:1      | Reached XP level 2. HP: 23/23 MP: 0/0
   284 | D:1      | HP: 10/23 [ball python (3)]
   289 | D:1      | HP: 8/23 [constriction (1)]
   388 | D:1      | Reached skill level 1 in Armour
   455 | D:1      | Reached XP level 3. HP: 22/29 MP: 0/0
   455 | D:1      | Learned a level 1 spell: Necrotise
   859 | D:1      | Found a faded altar of an unknown god.
  1097 | D:2      | Reached XP level 4. HP: 29/34 MP: 0/0
  1113 | D:2      | Reached skill level 3 in Staves
  1208 | D:2      | Reached skill level 4 in Dodging
  1653 | D:3      | Reached skill level 3 in Fighting
  1653 | D:3      | Reached skill level 2 in Armour
  1653 | D:3      | Reached XP level 5. HP: 35/40 MP: 0/0
  1653 | D:3      | Learned a level 2 spell: Blink
  1810 | D:3      | Found a stormy altar of Qazlal.
  2028 | D:3      | Found a transporter.
  2114 | D:3      | Found Otocvoeg's Jewellery Emporium.
  2210 | D:3      | HP: 20/40 [orc priest/+0 dagger (3)]
  2211 | D:3      | HP: 9/40 [orc priest/nerve-wracking pain (12)]
  2215 | D:3      | HP: 2/40 [orc/+0 trident (7)]
  2581 | D:3      | Found a transporter.
  2584 | D:3      | Found a runed translucent gate.
  2584 | D:3      | Found a runed translucent gate.
  2584 | D:3      | Found a runed translucent gate.
  2585 | D:3      | Noticed Shen's ghost (amateur DsBe)
  2586 | D:3      | Noticed Azoth's ghost (amateur DEHu)
  2586 | D:3      | Noticed cforsyth's ghost (amateur DjWr)
  2588 | D:3      | Noticed Gryn's ghost (amateur DsHu)
  2852 | D:4      | Found a staircase to the Ecumenical Temple.
  2958 | Temple   | Entered the Ecumenical Temple
  2986 | Temple   | Became a worshipper of the Wu Jian Council
  3111 | D:4      | HP: 13/40 [gnoll/+0 flail (12)]
  3121 | D:4      | Reached skill level 1 in Spellcasting
  3121 | D:4      | Reached skill level 1 in Conjurations
  3121 | D:4      | Reached skill level 1 in Hexes
  3121 | D:4      | Reached skill level 1 in Summonings
  3121 | D:4      | Reached skill level 1 in Necromancy
  3121 | D:4      | Reached skill level 1 in Translocations
  3121 | D:4      | Reached skill level 1 in Fire Magic
  3121 | D:4      | Reached skill level 1 in Ice Magic
  3121 | D:4      | Reached skill level 1 in Air Magic
  3121 | D:4      | Reached skill level 1 in Earth Magic
  3121 | D:4      | Reached skill level 1 in Alchemy
  3121 | D:4      | Reached XP level 6. HP: 42/46 MP: 0/0
  3222 | D:4      | HP: 20/46 [orc priest/divine providence (11)]
  3230 | D:4      | HP: 14/46 [orc/+0 whip (5)]
  3253 | D:4      | HP: 22/46 [orc priest/divine providence (10)]
  3256 | D:4      | HP: 9/46 [something (8)]
  3257 | D:4      | HP: 4/46 [something (6)]
  3259 | D:4      | HP: 1/46 [something (3)]
  3264 | D:4      | Killed from afar by an orc wizard

Illustrated notes

Levels and vault maps discovered:
D:1:      wander_arrival_chamber, layout_basic, basic_ecumenical_altar
D:2:      layout_basic
D:3:      layout_loops_ring, mainiacjoe_overflow_24_doors,
          gammafunk_ghost_cemetery, serial_shops, nicolae_shop_drivethru,
          minmay_misc_feat_x, reono_crystal_passage
D:4:      layout_loops_ring, minmay_temple_entry_overgrown
Temple:   nicolae_temple_hex_pool

Skill      XL: |  1  2  3  4  5 |
---------------+----------------+-----
Armour         | 1 2 |  2.5
Staves         | 3 |  3.2
Dodging        | 4 |  4.5
Fighting       | 3 |  3.3
Spellcasting   | 1 |  1.0
Conjurations   | 1 |  1.0
Hexes          | 1 |  1.0
Summonings     | 1 |  1.0
Necromancy     | 1 |  1.0
Translocations | 1 |  1.0
Fire Magic     | 1 |  1.0
Ice Magic      | 1 |  1.0
Air Magic      | 1 |  1.0
Earth Magic    | 1 |  1.0
Alchemy        | 1 |  1.0
Throwing       | |  1.5

Action                     |  1- 3 |  4- 6 || total
---------------------------+-------+-------++-------
  Melee: Quarterstaff      |    99 |   195 ||   294
  Throw: Throwing net      |       |     3 ||     3
   Cast: Necrotise         |       |     3 ||     3
         Blink             |       |     1 ||     1
Ability: Lunge             |       |     1 ||     1
    Use: Scroll            |     3 |     6 ||     9
         Potion            |       |    11 ||    11
   Stab: Sleeping          |     1 |     1 ||     2
         Distracted        |       |     1 ||     1
         Held in net/web   |       |     1 ||     1
 Armour: Leather armour    |    75 |   129 ||   204
  Dodge: Dodged            |    93 |   176 ||   269
  Block: Other             |       |    22 ||    22

Table legend: (Time is in decaauts)
 A = Elapsed time spent in this place.
 B = Non-inter-level travel time spent in this place.
 C = Inter-level travel time spent in this place.
 D = Time resting spent in this place.
 E = Time spent auto-exploring this place.
 F = Levels seen in this place.
 G = Mean time per level.
                   A        B        C        D        E       F      G
               +--------+--------+--------+--------+--------+-----+--------+
         Total |   3308 |   3186 |    122 |    285 |   2086 |   5 |  661.6 |
       Dungeon |   3236 |   3127 |    109 |    285 |   2086 |   4 |  809.0 |
        Temple |     71 |     58 |     13 |      0 |      0 |   1 |   71.0 |
               +--------+--------+--------+--------+--------+-----+--------+

Top non-repeatable levels by time:
     D:3: 1200 daAuts
     D:1: 1067 daAuts
     D:2: 582 daAuts
     D:4: 386 daAuts
  Temple: 71 daAuts

Levels and vault maps discovered:
D:1:      wander_arrival_chamber, layout_basic, basic_ecumenical_altar
D:2:      layout_basic
D:3:      layout_loops_ring, mainiacjoe_overflow_24_doors,
          gammafunk_ghost_cemetery, serial_shops, nicolae_shop_drivethru,
          minmay_misc_feat_x, reono_crystal_passage
D:4:      layout_loops_ring, minmay_temple_entry_overgrown
Temple:   nicolae_temple_hex_pool

Table legend: (Time is in decaauts)
 A = Elapsed time spent in this place.
 B = Non-inter-level travel time spent in this place.
 C = Inter-level travel time spent in this place.
 D = Time resting spent in this place.
 E = Time spent auto-exploring this place.
 F = Levels seen in this place.
 G = Mean time per level.
                   A        B        C        D        E       F      G
               +--------+--------+--------+--------+--------+-----+--------+
         Total |   3308 |   3186 |    122 |    285 |   2086 |   5 |  661.6 |
       Dungeon |   3236 |   3127 |    109 |    285 |   2086 |   4 |  809.0 |
        Temple |     71 |     58 |     13 |      0 |      0 |   1 |   71.0 |
               +--------+--------+--------+--------+--------+-----+--------+

Top non-repeatable levels by time:
     D:3: 1200 daAuts
     D:1: 1067 daAuts
     D:2: 582 daAuts
     D:4: 386 daAuts
  Temple: 71 daAuts

Table legend:
 A = Kills in this place as a percentage of kills in the entire game.
 B = Kills by you in this place as a percentage of kills by you in the entire game.
 C = Kills by friends in this place as a percentage of kills by friends in the entire game.
 D = Other kills in this place as a percentage of other kills in the entire game.
 E = Experience gained in this place as a percentage of experience gained in the entire game.
 F = Experience gained in this place divided by the number of levels of this place that you have seen.
                   A       B       C       D       E      F
               +-------+-------+-------+-------+-------+----------------------
         Total | 100.0 | 100.0 |   N/A |   N/A | 100.0 |  62.4
       Dungeon | 100.0 | 100.0 |   N/A |   N/A | 100.0 |  78.0
               +-------+-------+-------+-------+-------+----------------------
